 Dungeon Crawl Stone Soup version 0.28-a0-313-gbc0475efdd (webtiles) character file.

Game seed: 16157237038123955189

56 lunkers the Chopper (level 3, 0/35 HPs)
             Began as a Minotaur Cinder Acolyte on Aug 31, 2021.
             Was a High Priest of Ignis.
             Slain by Robin (1 damage)
             ... on level 2 of the Dungeon.
             The game lasted 00:01:23 (1674 turns).

lunkers the Chopper (Minotaur Cinder Acolyte)       Turns: 1674, Time: 00:01:24

Health: 0/35       AC:  4    Str: 20    XL:     3   Next: 71%
Magic:  3/3        EV: 11    Int: 10    God:    Ignis [*****.]
Gold:   11         SH:  0    Dex:  5    Spells: 3/4 levels left

rFire   + . .      SeeInvis .   a - -1 hand axe (flame)
rCold   . . .      Faith    .   (no shield)
rNeg    . . .      Spirit   .   k - +0 leather armour
rPois   .          Reflect  .   (helmet restricted)
rElec   .          Harm     .   (no cloak)
rCorr   .          Rampage  .   j - +0 pair of gloves
Will    .....                   (no boots)
Stlth   +.........              i - amulet of regeneration
HPRegen 1.11/turn               b - ring of wizardry
MPRegen 0.08/turn               (no ring)

@: lethally poisoned (0 -> -4)
A: horns 2, retaliatory headbutt
a: Renounce Religion, Sea of Fire, Foxfire Swarm, Rising Flame


You were on level 2 of the Dungeon.
You worshipped Ignis.
Ignis was extremely pleased with you.
You visited 1 branch of the dungeon, and saw 2 of its levels.

You collected 11 gold pieces.

Inventory:

Hand Weapons
 a - a -1 hand axe of flaming (weapon)
Armour
 j - a +0 pair of gloves (worn)
 k - a +0 leather armour (worn)
Jewellery
 b - a ring of wizardry (left hand)
 i - an amulet of regeneration (around neck)
Scrolls
 c - a scroll of fear
 d - a scroll of summoning {unknown}
 e - a scroll of fog {unknown}
 f - a scroll of identify
 g - a scroll of amnesia {unknown}
 h - a scroll of magic mapping {unknown}


   Skills:
 + Level 4.8 Fighting
 + Level 4.8 Axes
 - Level 1.0 Spellcasting
 - Level 0.6 Fire Magic


You had 3 spell levels left.
You knew the following spells:

 Your Spells              Type           Power      Damage    Failure   Level
p - Foxfire               Conj/Fire      4%         2x1d4     16%         1

Your spell library contained the following spells:

 Spells                   Type           Power      Damage    Failure   Level


Dungeon Overview and Level Annotations

Branches:
Dungeon (2/15)

Altars:
Ignis

Annotations:
D:2 Robin


Innate Abilities, Weirdness & Mutations

You have a pair of horns on your head.
You reflexively headbutt those who attack you in melee.


Message History

You closely miss the goblin. Your headbutt misses the goblin.
You closely miss the goblin.
You feel sick.
The goblin hits you with a +1 dagger of venom.
* * * LOW HITPOINT WARNING * * *
You are more poisoned.
The goblin closely misses you. You furiously retaliate!
You headbutt the goblin.
Robin hits you from afar with a +0 spear.
* * * LOW HITPOINT WARNING * * *
You barely miss the goblin.
The goblin is heavily wounded.
You hit the goblin. You burn the goblin.
You feel very sick.
The goblin hits you with a +1 dagger of venom.
* * * LOW HITPOINT WARNING * * *
The goblin closely misses you.
Robin hits you from afar with a +0 spear.
* * * LOW HITPOINT WARNING * * *
You closely miss the goblin.
The goblin is heavily wounded.
You barely miss the goblin.
You feel very sick.
The goblin hits you with a +1 dagger of venom.
* * * LOW HITPOINT WARNING * * *
You are lethally poisoned!
The goblin hits you with a +0 club.
* * * LOW HITPOINT WARNING * * *
Robin hits you from afar with a +0 spear.
* * * LOW HITPOINT WARNING * * *
Press: ? - help, v - describe, . - travel
Here: a goblin, wielding a +1 dagger of venom and quivering stones (severely wounded, strong)
The floor.
You hit the goblin. You burn the goblin.
You kill the goblin!
You hit the goblin. You burn the goblin.
You kill the goblin!
* * * LOW HITPOINT WARNING * * *
You feel very sick.
Robin hits you from afar with a +0 spear.
You die...

##########
#..)@)...#
#....####g.## ...##
###?## .# .
###..g#####.. ##
#...#........
..#####.##.g###...#
##.....[....##.....#
.........#...?.....#
......##..........#


You could see Robin.

Vanquished Creatures
  A worm (D:2)
  A dart slug (D:1)
  3 endoplasms
  5 giant cockroaches
  9 hobgoblins
  2 jackals (D:2)
  2 ball pythons (D:1)
  5 bats
  4 frilled lizards (D:1)
  10 goblins
  3 kobolds (D:1)
  2 rats (D:1)
47 creatures vanquished.

Vanquished Creatures (others)
  24 foxfires
24 creatures vanquished.

Grand Total: 71 creatures vanquished

Notes
Turn   | Place    | Note
-------+----------+-------------------------------------------
     0 | D:1      | lunkers the Minotaur Cinder Acolyte began the quest for the
                  | Orb.
     0 | D:1      | Reached XP level 1. HP: 19/19 MP: 1/1
   207 | D:1      | Reached XP level 2. HP: 27/27 MP: 0/2
  1153 | D:1      | Reached XP level 3. HP: 34/34 MP: 0/3
  1573 | D:2      | Found a faded altar of an unknown god.
  1582 | D:2      | Found a candlelit altar of Ignis.
  1625 | D:2      | Noticed Robin
  1674 | D:2      | HP: 1/35 [poisoned by a goblin]
  1674 | D:2      | Slain by Robin

Illustrated notes

Levels and vault maps discovered:
D:1:      dpeg_arrival_prison, layout_loops_cross, minivault_5
D:2:      layout_rooms, basic_ecumenical_altar, basic_altar, minmay_quantized,
          uniq_robin

Skill      XL: |  1 |
---------------+----+-----
Fighting       | 4 |  4.8
Axes           | 4 |  4.8
Spellcasting   | |  1.0
Fire Magic     | |  0.6

Action                   || total
-------------------------++-------
Melee: Hand axe          ||    85
       Headbutt          ||    13
 Cast: Foxfire           ||    19
  Use: Scroll            ||     1
Armor: Robe              ||     7
       Leather armour    ||    19
Dodge: Dodged            ||    60

Table legend: (Time is in decaauts)
 A = Elapsed time spent in this place.
 B = Non-inter-level travel time spent in this place.
 C = Inter-level travel time spent in this place.
 D = Time resting spent in this place.
 E = Time spent auto-exploring this place.
 F = Levels seen in this place.
 G = Mean time per level.
                   A        B        C        D        E       F      G
               +--------+--------+--------+--------+--------+-----+--------+
         Total |   1680 |   1511 |    169 |      0 |   1271 |   2 |  840.0 |
       Dungeon |   1680 |   1511 |    169 |      0 |   1271 |   2 |  840.0 |
               +--------+--------+--------+--------+--------+-----+--------+

Top non-repeatable levels by time:
     D:1: 1577 daAuts
     D:2: 102 daAuts
